1743 views
Uploaded 2023-02-10 03:05:58
Game version 1.35 (6115)
6:57 long 2on2 ladder game on (4)rustycreek_v1.1 s3
Saved by GIGA
1743 views
Uploaded 2023-02-10 03:05:58
Game version 1.35 (6115)
6:57 long 2on2 ladder game on (4)rustycreek_v1.1 s3


34 units @ 3.9k
/ 0.2k
24 buildings @ 2.3k
/ 0.7k

| Scroll of Regeneration | 1 | 100 |
| total: | 1 | 100g |
| Peasant | 11 | 825 | / | 0 |
| Footman | 7 | 945 | / | 0 |
| Assassin | 1 | 250 | / | 30 |
| total: | 19 | 2020g | / | 30w |
| Scout Tower | 2 | 60 | / | 40 |
| Arcane Tower | 2 | 140 | / | 100 |
| Altar of Kings | 1 | 180 | / | 50 |
| Farm | 4 | 320 | / | 80 |
| Barracks | 1 | 160 | / | 60 |
| Lumber Mill | 1 | 120 | / | 0 |
| Arcane Vault | 1 | 130 | / | 30 |
| Blacksmith | 1 | 140 | / | 60 |
| Keep | 1 | 320 | / | 210 |
| total: | 11 | 1110g | / | 320w |
| 0:04 | Peasant |
| 0:04 | Peasant |
| 0:07 | Altar of Kings |
| 0:10 | Farm |
| 0:11 | Farm |
| 0:19 | Peasant |
| 0:45 | Barracks |
| 0:50 | Peasant |
| 0:50 | Peasant |
| 1:16 | Peasant |
| 1:25 | Peasant |
| 1:33 | Scout Tower |
| 1:36 | Peasant |
| 1:49 | Footman |
| 1:54 | Lumber Mill |
| 1:58 | Peasant |
| 2:01 | Arcane Tower |
| 2:09 | Scout Tower |
| 2:13 | Farm |
| 2:19 | Storm Bolt |
| 2:21 | Footman |
| 2:33 | Peasant |
| 2:38 | Arcane Tower |
| 2:55 | Arcane Vault |
| 3:06 | Footman |
| 3:34 | Keep |
| 3:57 | Assassin |
| 4:02 | Bash |
| 4:10 | Footman |
| 4:18 | Scroll of Regeneration |
| 4:32 | Blacksmith |
| 5:18 | Farm |
| 5:29 | Footman |
| 5:31 | Defend |
| 6:23 | Footman |
| 6:31 | Storm Bolt |
| 6:39 | Footman |
| 6:43 | Bash |
| 6:45 | Peasant |
| Right click | 264 |
| Select | 120 |
| Select group | 34 |
| Build/train/purchase | 33 |
| Misc. action | 14 |
| Assign group | 5 |
| Use ability | 5 |
| Minimap ping | 1 |

| Scroll of Regeneration | 1 | 100 |
| Boots of Speed | 1 | 250 |
| total: | 2 | 350g |
| Peasant | 9 | 675 | / | 0 |
| Footman | 1 | 135 | / | 0 |
| Rifleman | 5 | 1025 | / | 150 |
| total: | 15 | 1835g | / | 150w |
| Scout Tower | 3 | 90 | / | 60 |
| Arcane Tower | 3 | 210 | / | 150 |
| Altar of Kings | 1 | 180 | / | 50 |
| Farm | 6 | 480 | / | 120 |
| Barracks | 1 | 160 | / | 60 |
| Blacksmith | 1 | 140 | / | 60 |
| Arcane Vault | 1 | 130 | / | 30 |
| Keep | 1 | 320 | / | 210 |
| total: | 13 | 1180g | / | 380w |
| 0:02 | Peasant |
| 0:07 | Peasant |
| 0:18 | Altar of Kings |
| 0:19 | Peasant |
| 0:31 | Peasant |
| 0:33 | Farm |
| 0:39 | Peasant |
| 1:01 | Barracks |
| 1:04 | Farm |
| 1:11 | Peasant |
| 1:17 | Blacksmith |
| 1:29 | Peasant |
| 1:33 | Scout Tower |
| 2:02 | Scout Tower |
| 2:08 | Peasant |
| 2:08 | Peasant |
| 2:10 | Footman |
| 2:17 | Storm Bolt |
| 2:23 | Arcane Tower |
| 2:33 | Rifleman |
| 2:39 | Arcane Tower |
| 2:46 | Scout Tower |
| 2:50 | Farm |
| 2:59 | Rifleman |
| 3:15 | Arcane Tower |
| 3:25 | Farm |
| 3:30 | Farm |
| 3:36 | Rifleman |
| 4:11 | Keep |
| 4:27 | Arcane Vault |
| 4:39 | Rifleman |
| 4:47 | Bash |
| 4:55 | Black Gunpowder |
| 5:26 | Boots of Speed |
| 5:32 | Rifleman |
| 5:42 | Scroll of Regeneration |
| 6:01 | Farm |
| 6:15 | Storm Bolt |
| Right click | 190 |
| Select | 89 |
| Select group | 67 |
| Misc. action | 35 |
| Build/train/purchase | 28 |
| Assign group | 12 |
| Use ability | 4 |
23 units @ 2.7k
/ 0.2k
23 buildings @ 2.9k
/ 0.8k

| Rod of Necromancy | 1 | 150 |
| Sacrificial Skull | 2 | 100 |
| total: | 3 | 250g |
| Acolyte | 4 | 300 | / | 0 |
| Ghoul | 4 | 480 | / | 0 |
| Crypt Fiend | 6 | 1290 | / | 240 |
| total: | 14 | 2070g | / | 240w |
| Graveyard | 1 | 215 | / | 0 |
| Altar of Darkness | 1 | 180 | / | 50 |
| Crypt | 2 | 400 | / | 100 |
| Ziggurat | 8 | 1200 | / | 400 |
| Tomb of Relics | 1 | 130 | / | 30 |
| total: | 13 | 2125g | / | 580w |
| 0:05 | Acolyte |
| 0:05 | Acolyte |
| 0:07 | Graveyard |
| 0:15 | Altar of Darkness |
| 0:34 | Crypt |
| 0:36 | Ziggurat |
| 1:05 | Crypt |
| 1:35 | Ghoul |
| 1:36 | Ziggurat |
| 1:59 | Ghoul |
| 2:01 | Tomb of Relics |
| 2:23 | Ghoul |
| 2:39 | Death Coil |
| 2:42 | Ziggurat |
| 2:43 | Crypt Fiend |
| 3:05 | Crypt Fiend |
| 3:21 | Crypt Fiend |
| 3:36 | Rod of Necromancy |
| 3:49 | Crypt Fiend |
| 3:52 | Ziggurat |
| 4:06 | Creature Attack |
| 4:35 | Crypt Fiend |
| 4:41 | Sacrificial Skull |
| 4:42 | Sacrificial Skull |
| 4:42 | Acolyte |
| 4:43 | Acolyte |
| 4:56 | Ghoul |
| 5:00 | Unholy Aura |
| 5:32 | Ziggurat |
| 5:34 | Ziggurat |
| 5:35 | Ziggurat |
| 5:45 | Ziggurat |
| 6:00 | Crypt Fiend |
| Right click | 391 |
| Select | 187 |
| Select group | 57 |
| Chat | 34 |
| Misc. action | 32 |
| Assign group | 28 |
| Build/train/purchase | 25 |
| Use ability | 10 |
| Minimap ping | 7 |
KansasKing
(2)
(6:52) : 
| Rod of Necromancy | 1 | 150 |
| total: | 1 | 150g |
| Peasant | 9 | 675 | / | 0 |
| total: | 9 | 675g | / | 0w |
| Scout Tower | 3 | 90 | / | 60 |
| Arcane Tower | 2 | 140 | / | 100 |
| Altar of Kings | 1 | 180 | / | 50 |
| Farm | 5 | 400 | / | 100 |
| Lumber Mill | 1 | 120 | / | 0 |
| Keep | 1 | 320 | / | 210 |
| total: | 10 | 790g | / | 210w |
| 0:08 | Altar of Kings |
| 0:09 | Peasant |
| 0:10 | Peasant |
| 0:10 | Peasant |
| 0:50 | Scout Tower |
| 0:52 | Peasant |
| 1:02 | Farm |
| 1:15 | Peasant |
| 1:35 | Arcane Tower |
| 1:48 | Scout Tower |
| 1:51 | Peasant |
| 1:56 | Scout Tower |
| 2:08 | Peasant |
| 2:19 | Farm |
| 2:30 | Peasant |
| 2:31 | Peasant |
| 2:36 | Farm |
| 2:45 | Lumber Mill |
| 3:20 | Rain of Fire |
| 3:22 | Rain of Fire |
| 3:35 | Arcane Tower |
| 4:15 | Farm |
| 4:31 | Keep |
| 4:50 | Rod of Necromancy |
| 5:07 | Farm |
| Right click | 289 |
| Select | 57 |
| Resource trade | 45 |
| Build/train/purchase | 21 |
| Chat | 17 |
| Use ability | 3 |
| Misc. action | 2 |
| Remove unit | 1 |